[Event "Early-Titled-Tuesday-Blitz-October-10-2023"]
[Site "Chess.com"]
[Date "2023.10.10"]
[Round "3"]
[White "ozates"]
[Black "ExchangeAB"]
[Result "1-0"]
[WhiteElo "2762"]
[BlackElo "2496"]
[TimeControl "180+1"]
[EndTime "8:28:19 PDT"]
[Termination "ozates won by resignation"]

1. c4 c6 2. Nf3 d5 3. Qc2 Nf6 4. g3 g6 5. Bg2 Bg7 6. O-O O-O 7.
d4 Bf5 8. Qb3 Qb6 9. c5 Qxb3 10.
axb3 Na6 11. Nc3 Nd7 12. Bf4 e5 13. Nxe5 Nxe5 14. Bxe5 Bxe5 15. dxe5 Nxc5 16. b4 Nb3 17. Rad1 Bc2 18. e4 Bxd1 19. Rxd1 dxe4 20. Nxe4 a5 21. bxa5 Rxa5 22. f4 Ra1 23. Rxa1 Nxa1 24. Nd6 Rb8 25.
Bf1 b5 26. Bg2 Rb6 27. Nc8 Ra6 28. Bxc6 b4 29. Bd5 Kg7 30. Nd6 Ra7 31. Kf2 Nc2 32.
Ke2 Nd4+ 33. Kd3 Nf5 34. Ne8+ Kf8 35. Nf6 h5 36. Be4 Ne7 37. Kc4 Ra2 38. Kb3 Ra1 39.
Kxb4 Re1 40. Kc5 Re2 41. b4 Rxh2 42. b5 Rb2 43. b6 Nc8 44. b7 Na7 45. b8=Q+ Rxb8 46.
Nd7+ Kg7 47. Nxb8 Nc8 48. Nc6 f6 49. e6 f5 50. Bd5 Kf6 51. Bc4 g5 52. fxg5+ Kxg5 53. Ba6 f4 54. gxf4+ Kxf4 55. Bxc8 1-0

[Event "Early-Titled-Tuesday-Blitz-October-10-2023"]
[Site "Chess.com"]
[Date "2023.10.10"]
[Round "3"]
[White "sokidze"]
[Black "kuanysh1981"]
[Result "0-1"]
[WhiteElo "2798"]
[BlackElo "2530"]
[TimeControl "180+1"]
[EndTime "8:28:20 PDT"]
[Termination "kuanysh1981 won on time"]

1. e4 e5 2. Nf3 Nc6 3. Bb5 a6 4. Ba4 Nf6 5. Nc3 b5 6. Bb3 Be7 7. d3 d6 8. a3 O-O 9. h3 Be6 10. Nd5 Na5 11. Ba2 c6 12. Nxf6+ Bxf6 13. Bxe6 fxe6 14. b4 Nb7 15. c3 a5 16. Be3 d5 17. O-O Qd7 18. Qc2 Rfc8 19. Qe2 d4 20.
cxd4 exd4 21. Bd2 e5 22. Nh2 axb4 23. axb4 c5 24. bxc5 Nxc5 25. Ng4 Qe6 26. Bb4 Na4 27.
Rfc1 h6 28. Kh1 Kh7 29. Nxf6+ Qxf6 30. f3 Qg5 31. Bd2 Qf6 32. Rab1 Qa6 33. f4 exf4 34. e5 Nc3 35. Bxc3 dxc3 36. Qe4+ Qg6 37. Qxf4 c2 38.
Rb2 Qxd3 39. e6 Rf8 0-1

[Event "Early-Titled-Tuesday-Blitz-October-10-2023"]
[Site "Chess.com"]
[Date "2023.10.10"]
[Round "3"]
[White "IPAchess"]
[Black "DanyKopy"]
[Result "0-1"]
[WhiteElo "2401"]
[BlackElo "2593"]
[TimeControl "180+1"]
[EndTime "8:28:20 PDT"]
[Termination "DanyKopy won by resignation"]

1. d4 d5 2. c4 e6 3. Nf3 Nf6 4. Nc3 Bb4 5. Qa4+ Nc6 6. Bd2 O-O 7. e3 dxc4 8. Bxc4 a6 9. Qc2 Bd6 10. a3 e5 11. dxe5 Nxe5 12. Be2 Bg4 13. h3 Nxf3+ 14.
gxf3 Bh5 15. O-O-O Qe7 16. Rhg1 Bg6 17. Bd3 Rfd8 18. Bxg6 hxg6 19. e4 Be5 20. Bg5 Qc5 21. Ne2 Qb5 22. f4 Rxd1+ 23. Rxd1 Nxe4 24. fxe5 Nxg5 25. f4 Ne6 26. h4 Qc5 27. Rd7 Qe3+ 28. Qd2 Qxd2+ 29. Kxd2 Rd8 30. Rxd8+ Nxd8 31. Kd3 Ne6 32.
Ke4 Kf8 33. Kd5 Ke7 34. b4 c6+ 35. Ke4 c5 36. Nc3 b5 37. Nd5+ Kd7 38. h5 c4 39.
hxg6 fxg6 40. Nc3 Nc7 41. f5 gxf5+ 42. Kxf5 Ke7 43. Ne4 Nd5 44. Nc5 c3 45. Nd3 c2 46.
Ke4 Nc3+ 47. Kd4 Ne2+ 48. Kc5 c1=Q+ 49. Nxc1 Nxc1 50. Kb6 g5 51. Kxa6 g4 52. Kxb5 g3 0-1

[Event "Early-Titled-Tuesday-Blitz-October-10-2023"]
[Site "Chess.com"]
[Date "2023.10.10"]
[Round "3"]
[White "Perecke"]
[Black "VOneChess"]
[Result "1-0"]
[WhiteElo "2555"]
[BlackElo "2275"]
[TimeControl "180+1"]
[EndTime "8:28:22 PDT"]
[Termination "Perecke won on time"]

1. e4 c5 2. d4 cxd4 3. c3 Nf6 4. e5 Nd5 5. cxd4 d6 6. exd6 e6 7. Nc3 Bxd6 8. Nxd5 exd5 9. Nf3 O-O 10. Be2 Nc6 11. O-O Re8 12. Re1 Bg4 13.
h3 Bh5 14. Bg5 Qd7 15. Rc1 h6 16. Be3 Re6 17. Bd3 Rf6 18. Be2 Re8 19. Qd2 Re4 20. Ne5 Bxe5 21. dxe5 Rxe5 22. Bb5 Rg6 23. Bd3 Rge6 24.
Bf4 Rxe1+ 25. Rxe1 Qe7 26. Rxe6 fxe6 27. Bc2 Bf7 28.
Qd3 Kf8 29. Qh7 Bg8 30. Qg6 e5 31. Bg3 Bf7 32. Qg4 Qf6 33. Bh4 Qe6 34. Bf5 Qd6 35.
Bg3 Nd4 36. Bd3 Qc5 37. Qd7 Nc6 38. Qc8+ Be8 39. Bg6 Qe7 40. Bh4 1-0

[Event "Early-Titled-Tuesday-Blitz-October-10-2023"]
[Site "Chess.com"]
[Date "2023.10.10"]
[Round "3"]
[White "maracayo"]
[Black "j2806"]
[Result "1/2-1/2"]
[WhiteElo "2379"]
[BlackElo "2152"]
[TimeControl "180+1"]
[EndTime "8:28:22 PDT"]
[Termination "Game drawn by agreement"]

1. e4 c5 2. Nf3 d6 3. d3 e6 4. Nbd2 Nf6 5. c3 Be7 6. Be2 Nc6 7.
O-O O-O 8. Re1 b5 9. a3 a6 10. d4 Bb7 11. Bf1 d5 12. e5 Nd7 13. b4 cxd4 14.
cxd4 Nb6 15. Nb3 Nc4 16. Nc5 Bxc5 17. dxc5 a5 18. Bg5 Qc7 19. Bxc4 dxc4 20. a4 Nxb4 21. Qd6 Qxd6 22. exd6 Nc2 23. axb5 Nxa1 24. Rxa1 Rfc8 25. c6 Bxc6 26. bxc6 f6 27. c7 fxg5 28. Ne5 c3 29. Nc4 Kf7 30. Nb6 c2 31. Nxc8 Rxc8 32. Rc1 Ke8 33.
Rxc2 Kd7 34. Rd2 a4 35. h4 gxh4 36. Rd4 h6 37. Rxa4 Kxd6 38. Rd4+ Kxc7 39. Rxh4 Kd6 40. Rg4 Rc7 41. Re4 Kd5 42. f3 e5 43. Kh2 g5 44. Kg3 Rc6 45. Kg4 Rf6 46. Kh5 Ke6 47.
Re1 Kf5 48. Re4 1/2-1/2

[Event "Early-Titled-Tuesday-Blitz-October-10-2023"]
[Site "Chess.com"]
[Date "2023.10.10"]
[Round "3"]
[White "Kielinkei"]
[Black "Ramosha"]
[Result "1-0"]
[WhiteElo "2468"]
[BlackElo "2614"]
[TimeControl "180+1"]
[EndTime "8:28:23 PDT"]
[Termination "Kielinkei won by checkmate"]

1. c4 d5 2. cxd5 Qxd5 3. Nc3 Qd8 4. g3 Nf6 5. Bg2 c5 6. Nf3 Nc6 7. O-O g6 8. d3 Bg7 9. Be3 Nd7 10. d4 cxd4 11. Nxd4 Nce5 12. b3 O-O 13. h3 Nb6 14. Rc1 Rb8 15. Ndb5 Nbd7 16. Nxa7 Nf6 17. Nxc8 Qxc8 18.
Nd5 Qd8 19. Bb6 Qe8 20. Bc7 Nxd5 21. Bxb8 Nb4 22. Bxe5 Bxe5 23. a3 Na6 24. Bxb7 Nb8 25. Rc8 Qb5 26. Rxf8+ Kxf8 27. Qd8+ Kg7 28. Bg2 Bd6 29. b4 Qxe2 30. a4 Na6 31. b5 Nc5 32. b6 Nxa4 33. b7 Qb2 34. Rd1 Be5 35. Qxe7 Bf6 36. Qc7 Be5 37. Qc6 Nc3 38. Re1 Bf6 39. Qc8 Qd2 40. b8=Q Qxe1+ 41. Kh2 Kh6 42. Qf4+ Kg7 43.
Qfb8 Kh6 44. Qf8+ Bg7 45. Qf4+ g5 46. Q4d6+ f6 47. Qfxf6+ Bxf6 48. Qxf6+ Kh5 49. g4+ Kh4 50. Qh6# 1-0

[Event "Early-Titled-Tuesday-Blitz-October-10-2023"]
[Site "Chess.com"]
[Date "2023.10.10"]
[Round "3"]
[White "cristiano78"]
[Black "FoxOnTheRun97"]
[Result "0-1"]
[WhiteElo "2253"]
[BlackElo "2552"]
[TimeControl "180+1"]
[EndTime "8:28:23 PDT"]
[Termination "FoxOnTheRun97 won by resignation"]

1. d4 Nf6 2. c4 e6 3. Nf3 d5 4. Nc3 Be7 5. Bg5 h6 6. Bh4 g5 7. Bg3 dxc4 8. e4 c5 9. Bxc4 cxd4 10. Bb5+ Bd7 11. Nxd4 a6 12. Bxd7+ Nbxd7 13. e5 Nh7 14. O-O O-O 15. Ne4 Nc5 16. Nd6 Bxd6 17. exd6 Ne4 18.
Be5 Qd7 19. Qh5 f6 20. Qg6+ Kh8 21. Qxe4 fxe5 22. Qxe5+ Rf6 23. f4 g4 24. f5 exf5 25. Rxf5 Qxd6 26. Re1 Qxe5 27. Rexe5 Rd8 28. Rd5 Rfd6 29. Rxd6 Rxd6 30. Nb3 Kg7 31. Rc5 b6 32. Rc7+ Kg6 33. Kf2 Nf6 34. Kg3 h5 35. Kf2 Ne4+ 36. Ke3 Ng5 37. Rc3 Re6+ 38. Kf2 Ne4+ 39. Kf1 Nxc3 40. bxc3 Rc6 41. Nd4 Rxc3 42. Ke2 Ra3 0-1

[Event "Early-Titled-Tuesday-Blitz-October-10-2023"]
[Site "Chess.com"]
[Date "2023.10.10"]
[Round "3"]
[White "inagreV"]
[Black "Cheer_Down"]
[Result "0-1"]
[WhiteElo "2267"]
[BlackElo "2496"]
[TimeControl "180+1"]
[EndTime "8:28:24 PDT"]
[Termination "Cheer_Down won by resignation"]

1. e4 c5 2. Nf3 d6 3. d4 cxd4 4. Nxd4 Nf6 5. Nc3 a6 6. Nf3 Nc6 7. Bf4 e6 8. e5 dxe5 9. Qxd8+ Kxd8 10. Nxe5 Nxe5 11. Bxe5 Bd7 12. O-O-O Kc8 13. Be2 Bc5 14.
Bxf6 gxf6 15. Ne4 Be7 16. Bf3 Kc7 17. Rd3 Bc6 18. Rc3 Rad8 19. Nc5 Bxc5 20. Rxc5 Kb6 21. Rc3 Rd6 22. Bxc6 bxc6 23. Rd1 Rxd1+ 24. Kxd1 Rg8 25. g3 Rd8+ 26. Ke2 Rd5 27. Rf3 f5 28. c4 Rd4 29. b3 c5 30. Rd3 Re4+ 31. Kd2 Kc7 32.
f3 Re5 33. Re3 f6 34. Kd3 a5 35. a3 h5 36. f4 Rxe3+ 37. Kxe3 e5 38. h3 Kb6 39. a4 Kc6 40. fxe5 fxe5 41. Kf3 Kd6 42. Ke3 Ke6 43. Kf3 Kf7 44. h4 e4+ 45. Ke3 Ke6 46. Kf4 Kf6 47. Ke3 Ke5 48. b4 cxb4 0-1

[Event "Early-Titled-Tuesday-Blitz-October-10-2023"]
[Site "Chess.com"]
[Date "2023.10.10"]
[Round "3"]
[White "lilleper1"]
[Black "Karttunen"]
[Result "1-0"]
[WhiteElo "2881"]
[BlackElo "2652"]
[TimeControl "180+1"]
[EndTime "8:28:25 PDT"]
[Termination "lilleper1 won on time"]

1. d4 Nf6 2. c4 e6 3. Nf3 d5 4. g3 Bb4+ 5. Nbd2 dxc4 6. Bg2 b5 7. O-O O-O 8. b3 cxb3 9. Qxb3 Be7 10. Ne5 c6 11.
Bb2 Bb7 12. a4 a6 13. Rfc1 Nd5 14. Ne4 f6 15. Nd3 Nd7 16. Nec5 Nxc5 17. Nxc5 Bxc5 18.
Rxc5 f5 19. Re1 Kh8 20. Rc2 Qa5 21. Ra1 Qb6 22. e4 fxe4 23. Bxe4 Rf6 24. Re2 Raf8 25.
Qc2 h6 26. Bg2 a5 27. h4 b4 28. Rd2 Ba6 29. Qe4 Bc4 30. Rc1 Bb3 31. Bf1 Bxa4 32.
Bd3 g6 33. h5 Bb5 34. Bb1 Kg7 35. hxg6 a4 36. Kg2 a3 37. Rh1 Rh8 38. Bc1 Qa5 39. Rdd1 a2 40. Bxh6+ Rxh6 41. Rxh6 a1=Q 42. Rh7+ Kg8 43.
Qh4 Rxf2+ 44. Kxf2 Q5a2+ 45. Bxa2 Qxa2+ 46. Kg1 1-0

[Event "Early-Titled-Tuesday-Blitz-October-10-2023"]
[Site "Chess.com"]
[Date "2023.10.10"]
[Round "3"]
[White "NovoselovRoman"]
[Black "vladoboch"]
[Result "0-1"]
[WhiteElo "2612"]
[BlackElo "2465"]
[TimeControl "180+1"]
[EndTime "8:28:26 PDT"]
[Termination "vladoboch won on time"]

1. e4 e5 2. Nf3 Nc6 3. Bc4 Nf6 4. d3 h6 5. Nc3 d6 6. Nd5 Nxd5 7. Bxd5 Ne7 8. Bb3 g5 9. c3 Bg7 10. Be3 O-O 11.
Bxg5 hxg5 12. Nxg5 Bf6 13. Qh5 Bxg5 14. Qxg5+ Kh7 15.
O-O-O Ng6 16. Qh5+ Kg7 17. g3 Rh8 18. Qe2 Bh3 19. f4 Qf6 20. Kb1 a5 21. d4 exf4 22.
gxf4 Qxf4 23. Rdf1 Bxf1 24. Rxf1 Rxh2 25. Qe1 Qd2 26.
Rxf7+ Kh6 27. Qxd2+ Rxd2 28. Rxc7 a4 29. Bd5 a3 30.
bxa3 Rf8 31. Bf7 b5 32. Kc1 Rg2 33. a4 bxa4 34. Rd7 Rf2 35. Bc4 R8f6 36. Kd1 Nf4 37.
Ke1 Ng2+ 38. Kd1 Ne3+ 0-1

[Event "Early-Titled-Tuesday-Blitz-October-10-2023"]
[Site "Chess.com"]
[Date "2023.10.10"]
[Round "3"]
[White "kikoveiga"]
[Black "ylr5000"]
[Result "1-0"]
[WhiteElo "2638"]
[BlackElo "2464"]
[TimeControl "180+1"]
[EndTime "8:28:28 PDT"]
[Termination "kikoveiga won by resignation"]

1. g3 d5 2. Bg2 g6 3. c4 dxc4 4. Nf3 Nf6 5. O-O Bg7 6. Na3 O-O 7. Nxc4 Be6 8. d3 Nbd7 9. Be3 Bxc4 10. dxc4 c6 11. Qc2 Ng4 12. Bf4 e5 13. Bg5 f6 14.
Bd2 f5 15. Bg5 Qe8 16. Rad1 h6 17. Bc1 e4 18. Nd4 Rd8 19. h3 Ngf6 20. e3 Ne5 21. b3 Nd3 22. Ba3 Rf7 23. Rd2 Rfd7 24. Rfd1 Nh7 25. Ne2 Ng5 26. Nf4 Nxf4 27. gxf4 Ne6 28. c5 g5 29. fxg5 Nxg5 30. Rxd7 Rxd7 31. Rxd7 Qxd7 32.
h4 Nf7 33. f4 exf3 34. Bxf3 Ne5 35. Be2 Bf6 36. Bb2 Kg7 37. Bd4 Ng6 38. Bxf6+ Kxf6 39. h5 Ne5 40. Qc3 Qd5 41. Qd4 Qxd4 42. exd4 Nd7 43. Kf2 Ke6 44. Ke3 Nf6 45. Bf3 Nd5+ 46. Bxd5+ Kxd5 47. Kf4 Kxd4 48. Kxf5 Kxc5 49. Kg6 Kd6 50. Kxh6 c5 51. Kg7 b5 52. h6 c4 53. bxc4 bxc4 54. h7 c3 55. h8=Q c2 56. Qh1 Kc5 57. Qc1 1-0

[Event "Early-Titled-Tuesday-Blitz-October-10-2023"]
[Site "Chess.com"]
[Date "2023.10.10"]
[Round "3"]
[White "parintele_chess"]
[Black "ama18"]
[Result "0-1"]
[WhiteElo "2245"]
[BlackElo "2553"]
[TimeControl "180+1"]
[EndTime "8:28:28 PDT"]
[Termination "ama18 won by checkmate"]

1. d4 Nf6 2. Bf4 e6 3. Nf3 b6 4.
e3 Bb7 5. Be2 g6 6. h4 Bg7 7. h5 Nxh5 8. Rxh5 gxh5 9. Ne5 d6 10.
Nd3 h4 11. Bf3 Bxf3 12. Qxf3 Nd7 13. Nd2 d5 14. Nb4 c5 15. Nc6 Qc8 16. Qg4 Bf6 17. Ne5 cxd4 18. Qh5 Nxe5 19. Bxe5 Bxe5 20. Qxe5 Rg8 21.
O-O-O dxe3 22. fxe3 Qb8 23. Qf6 Qd8 24. Qe5 Qg5 25.
Qc7 Kf8 26. Rf1 Qe7 27. Qe5 Rxg2 28. Qh8+ Rg8 29. Qxh7 f5 30. Qh6+ Ke8 31. Nf3 Kd7 32.
Ne5+ Kc7 33. Qf4 Kb7 34. Qa4 Rac8 35. c3 Rg7 36. Rh1 Qc5 37. Qf4 h3 38. Rxh3 Rg1+ 39. Kc2 Rg2+ 40. Kc1 Rxb2 41. Rh7+ Ka8 42. Kxb2 Qxc3+ 43. Kb1 Qc1# 0-1

[Event "Early-Titled-Tuesday-Blitz-October-10-2023"]
[Site "Chess.com"]
[Date "2023.10.10"]
[Round "3"]
[White "ActorXu"]
[Black "Jospem"]
[Result "0-1"]
[WhiteElo "2732"]
[BlackElo "3101"]
[TimeControl "180+1"]
[EndTime "8:28:29 PDT"]
[Termination "Jospem won by resignation"]

1. e4 c5 2. Nf3 d6 3. Bb5+ Nd7 4.
O-O a6 5. Bxd7+ Bxd7 6. a4 Nf6 7.
Re1 e6 8. a5 Bc6 9. Nc3 Be7 10.
d4 cxd4 11. Nxd4 O-O 12. f3 Rc8 13. Be3 Qc7 14. Qd3 d5 15. Nxc6 Qxc6 16. exd5 exd5 17. Bd4 Bc5 18. Kh1 Bxd4 19. Qxd4 Rfe8 20. Rad1 h6 21.
Kg1 Re6 22. Rxe6 fxe6 23. Re1 Kf7 24. Kf2 Qc5 25. Rd1 Qxa5 26. Qa7 Qc5+ 27. Qxc5 Rxc5 28. Rd2 e5 29. Ne2 Ke6 30. h3 g5 31. c3 a5 32.
Nc1 Rb5 33. Re2 Kd6 34. Nd3 e4 35. Nc1 Rc5 36. Nb3 Rb5 37. Nd4 Rb6 38. b3 Kd7 39. Ra2 Ra6 40. Ke3 b6 41. Rf2 a4 42. bxa4 Rxa4 43.
fxe4 Nxe4 44. Rf7+ Ke8 45. Rb7 Rc4 46. Rxb6 Rxc3+ 47. Ke2 h5 48. Nf5 Kd7 49. g4 h4 50. Rb4 Rxh3 51.
Ne3 Rh2+ 52. Ke1 Kc6 53. Rd4 Ng3 54. Rxd5 Re2+ 55. Kd1 Rxe3 56. Rxg5 h3 57. Kd2 Re2+ 58. Kd3 h2 59. Rh5 Nxh5 0-1

[Event "Early-Titled-Tuesday-Blitz-October-10-2023"]
[Site "Chess.com"]
[Date "2023.10.10"]
[Round "3"]
[White "ArmanGhevondyanchess"]
[Black "dziththaulydcc"]
[Result "1/2-1/2"]
[WhiteElo "2575"]
[BlackElo "2793"]
[TimeControl "180+1"]
[EndTime "8:28:30 PDT"]
[Termination "Game drawn by repetition"]

1. Nf3 Nf6 2. g3 b6 3. Bg2 Bb7 4. O-O d5 5. d4 c5 6. c4 e6 7. Nc3 Nbd7 8. cxd5 Nxd5 9. Re1 Nxc3 10. bxc3 Nf6 11. Qa4+ Qd7 12. Qxd7+ Nxd7 13. a4 Be7 14. a5 O-O 15. a6 Bc6 16. Bf4 Rac8 17. Ne5 Nxe5 18.
Bxe5 Rfd8 19. Red1 g5 20. Bxc6 Rxc6 21. dxc5 bxc5 22.
Rxd8+ Bxd8 23. Rd1 Bc7 24. Bxc7 Rxc7 25. c4 Rc6 26.
Ra1 Rb6 27. Ra5 Kf8 28. Rxc5 Rxa6 29. Rxg5 Ra2 30. e3 a5 31. Rb5 a4 32. Ra5 Ke7 33. Ra6 f5 34. h4 h5 35. Kg2 a3 36. c5 e5 37. Kf3 e4+ 38. Kg2 Kd7 39. c6+ Kc7 40.
Kg1 Ra1+ 41. Kg2 Kd6 42. Kh2 Ke7 43. Kg2 Kd6 44. Kh2 a2 45. Kg2 Kc7 46. Kh2 Kc8 47.
Kg2 Kc7 48. Kh2 Kb8 49. Kg2 Kc7 1/2-1/2

[Event "Early-Titled-Tuesday-Blitz-October-10-2023"]
[Site "Chess.com"]
[Date "2023.10.10"]
[Round "3"]
[White "Journey_to_GrandMaster_YT"]
[Black "Cambek64"]
[Result "1-0"]
[WhiteElo "2620"]
[BlackElo "2438"]
[TimeControl "180+1"]
[EndTime "8:28:30 PDT"]
[Termination "Journey_to_GrandMaster_YT won by resignation"]

1. d4 e6 2. Nf3 b6 3. e4 Bb7 4. Bd3 Nf6 5. Qe2 c5 6. c3 d5 7. e5 Nfd7 8. O-O Nc6 9. Be3 Be7 10.
Nbd2 g5 11. Ne1 h5 12. f4 gxf4 13. Rxf4 Bg5 14. Rf2 cxd4 15. cxd4 Qe7 16. Nc2 O-O-O 17. Bxg5 Qxg5 18. Rxf7 Rdg8 19. Nf3 Qg4 20. Rc1 Rg7 21. Ne3 Rxf7 22. Nxg4 hxg4 23. Ng5 Re7 24. Bb5 Nb8 25. Qxg4 Rg8 26. h4 a6 27. Bf1 Nd7 28. b4 Kb8 29. b5 Na5 30. bxa6 Bc8 31. Bb5 Nc4 32. Bxc4 dxc4 33. Rxc4 Bxa6 34. Rc6 Bb7 35. Rxe6 Reg7 36. Rd6 Nf8 37. Rxb6 Nh7 38. Qe4 Nxg5 39. hxg5 Ka7 40. Rxb7+ Rxb7 41. e6 Rbg7 42. d5 Rxg5 43. e7 Kb6 44. d6 Re8 45. d7 1-0

[Event "Early-Titled-Tuesday-Blitz-October-10-2023"]
[Site "Chess.com"]
[Date "2023.10.10"]
[Round "3"]
[White "Antik5"]
[Black "Goi_Manne"]
[Result "0-1"]
[WhiteElo "2490"]
[BlackElo "2303"]
[TimeControl "180+1"]
[EndTime "8:28:31 PDT"]
[Termination "Goi_Manne won on time"]

1. c4 c6 2. b3 d5 3. Bb2 Nf6 4.
Nf3 Bf5 5. g3 e6 6. Bg2 Be7 7.
d3 O-O 8. Nh4 Bg6 9. Nxg6 hxg6 10. O-O Nbd7 11. Nd2 a5 12. h3 a4 13. bxa4 Qa5 14. e4 dxe4 15. dxe4 Qxa4 16. e5 Ne8 17. Ne4 Nc5 18. Nxc5 Bxc5 19. Qd7 Qxc4 20. Qxb7 Rxa2 21. Rxa2 Qxa2 22. Rc1 Ba3 23. Bxa3 Qxa3 24. Qxc6 Qb2 25. f4 g5 26. Rc2 Qd4+ 27. Rf2 gxf4 28. gxf4 g6 29. Qe4 Qxe4 30. Bxe4 Ng7 31. Rc2 Nh5 32. Rf2 Rb8 33. Kh2 Rb4 34. Bf3 Nxf4 35. Bg4 Nd3 36. Re2 Rb2 37. Rxb2 Nxb2 38. Be2 Kg7 39.
Kg3 Na4 40. Kf4 Nc3 41. Bf3 Kh6 42. h4 Nb5 43. Ke4 Nc7 44. Kd4 Ne8 45. Kc5 Ng7 46. Be4 Kh5 47. Kd6 Nf5+ 48. Kd7 Kxh4 49. Ke8 Nh6 50.
Kf8 Kg5 51. Kg7 Kf4 52. Bxg6 fxg6 53. Kf6 g5 54. Kxe6 g4 55. Kf6 g3 56. e6 Nf5 0-1

[Event "Early-Titled-Tuesday-Blitz-October-10-2023"]
[Site "Chess.com"]
[Date "2023.10.10"]
[Round "3"]
[White "Khuslen2008"]
[Black "abelmat"]
[Result "1-0"]
[WhiteElo "2315"]
[BlackElo "1937"]
[TimeControl "180+1"]
[EndTime "8:28:31 PDT"]
[Termination "Khuslen2008 won by checkmate"]

1. d4 d5 2. c4 e6 3. Nc3 Nf6 4. cxd5 exd5 5. Bg5 Be7 6. e3 O-O 7.
Bd3 Bg4 8. Qb3 Nc6 9. Bxf6 Bxf6 10. Qxd5 Qe7 11. Nge2 Nb4 12. Qe4 Nxd3+ 13. Qxd3 Rad8 14.
O-O c5 15. d5 Bh5 16. Nf4 Bg4 17.
h3 Bd7 18. Rfd1 a6 19. a4 Qe5 20. Rac1 Qg5 21. Ne4 Qh6 22. Nxf6+ Qxf6 23. b3 b6 24. Qxa6 Rfe8 25. a5 g5 26. Ne2 g4 27. Qxb6 Qg5 28. Nf4 gxh3 29. g3 h2+ 30. Kxh2 Re4 31. Rh1 Bf5 32.
a6 Bg4 33. a7 Rxf4 34. exf4 Qh5+ 35. Kg1 Qxd5 36. Qh6 f5 37. Qxh7+ Kf8 38. Qh6+ Ke8 39.
Qh8+ Kd7 40. Qe5 Qf3 41. Rh7+ Kc8 42. Qc7# 1-0

[Event "Early-Titled-Tuesday-Blitz-October-10-2023"]
[Site "Chess.com"]
[Date "2023.10.10"]
[Round "3"]
[White "Aslanov_Umid"]
[Black "colegiodemadrid"]
[Result "0-1"]
[WhiteElo "2571"]
[BlackElo "2387"]
[TimeControl "180+1"]
[EndTime "8:28:32 PDT"]
[Termination "colegiodemadrid won by checkmate"]

1. e4 e5 2. Nf3 Nc6 3. Bc4 Bc5 4. d3 Nf6 5. c3 d6 6. O-O a6 7. a4 Ba7 8. Nbd2 h6 9. Re1 O-O 10. h3 Kh8 11. Nf1 Nh7 12. Ng3 Ne7 13. d4 Ng6 14.
Be3 Qe8 15. Nf5 Ne7 16. dxe5 Bxe3 17. Nxe3 dxe5 18. Nxe5 Ng8 19. Qd5 Ng5 20. f4 c6 21.
Qd3 Ne6 22. g3 Nc5 23. Qd4 Ne6 24. Bxe6 Bxe6 25. f5 Bc8 26. Nf3 Nf6 27. e5 Nh7 28. Qf4 Qd8 29. Rad1 Qb6 30. b4 a5 31. f6 axb4 32.
fxg7+ Kxg7 33. Nh4 Ng5 34. Kh2 Rxa4 35. Qf6+ Kh7 36. Nhf5 Bxf5 37. Qxf5+ Kg8 38. Ng4 Ra2+ 39. Kh1 Nh7 40. Nxh6+ Kg7 41. Qg4+ Kxh6 42. Rd6+ f6 43. exf6 Nxf6 44. Rf1 Rf2 45. Qh4+ Kg6 46. Re1 Qc5 47.
Rd4 Qg5 48. Qxg5+ Kxg5 49. Rxb4 Rf3 50. Kg2 Nd5 51. Re5+ Kg6 52. Rxb7 Rf2+ 53. Kg1 Rf1+ 54. Kg2 R8f2# 0-1

[Event "Early-Titled-Tuesday-Blitz-October-10-2023"]
[Site "Chess.com"]
[Date "2023.10.10"]
[Round "3"]
[White "valeriocarnicelli"]
[Black "DenLaz"]
[Result "0-1"]
[WhiteElo "2623"]
[BlackElo "3065"]
[TimeControl "180+1"]
[EndTime "8:28:33 PDT"]
[Termination "DenLaz won by checkmate"]

1. d4 Nf6 2. Nf3 d5 3. g3 Bf5 4. Bg2 e6 5. O-O h6 6. c4 c6 7.
Nc3 Nbd7 8. Qb3 Qb6 9. c5 Qxb3 10.
axb3 a6 11. b4 Rc8 12. h3 Be7 13. g4 Bh7 14. Bf4 O-O 15. Rfe1 Ne4 16. Nxe4 Bxe4 17.
Ne5 Nxe5 18. Bxe5 Bxg2 19. Kxg2 Rcd8 20. Ra3 f6 21. Bg3 Kf7 22. h4 g6 23. Rh1 h5 24. f3 Rh8 25. Rd3 Rh7 26. Bf2 Rdh8 27. Be1 hxg4 28. fxg4 f5 29. gxf5 exf5 30. Rdh3 Bf6 31.
e3 Rh5 32. Bg3 Re8 33. Kf3 Re4 34. Bf4 Be7 35. Rg1 Rxh4 36. Rxh4 Bxh4 37. Rh1 g5 38. Be5 Kg6 39. b5 axb5 40. Ra1 g4+ 41. Kg2 Rxe3 42. Ra7 Bf6 43. Bxf6 Kxf6 44. Rxb7 f4 45. Rc7 Re2+ 46. Kf1 f3 47. Rxc6+ Kf5 48. Rd6 g3 49. Rxd5+ Kf4 50. Re5 g2+ 51. Kg1 Rxe5 52. dxe5 Kg3 53. e6 f2# 0-1

[Event "Early-Titled-Tuesday-Blitz-October-10-2023"]
[Site "Chess.com"]
[Date "2023.10.10"]
[Round "3"]
[White "Harry_Rakkel"]
[Black "aqibjbutt"]
[Result "1-0"]
[WhiteElo "2641"]
[BlackElo "1974"]
[TimeControl "180+1"]
[EndTime "8:28:35 PDT"]
[Termination "Harry_Rakkel won on time"]

1. c4 c6 2. Nf3 d5 3. e3 g6 4. Qa4 Nd7 5. cxd5 cxd5 6. Nc3 Nf6 7. d4 Bg7 8. Be2 O-O 9. O-O a6 10. Bd2 b5 11. Qb3 Nb6 12. a4 Nc4 13. axb5 Bg4 14. Rfd1 Bxf3 15. Bxf3 Nxd2 16. Rxd2 axb5 17. Rxa8 Qxa8 18.
Qxb5 Rb8 19. Qa4 Qb7 20. g3 e6 21. Qd1 Bf8 22. Na4 Nd7 23. Rc2 Qb3 24. Nc3 Nb6 25. Qc1 Nc4 26. Nd1 Ra8 27. Kg2 Ra2 28. Be2 Nd6 29. Rc3 Qa4 30. Rc7 Ne4 31. Rc8 Kg7 32.
Bf3 Ra1 33. Qc2 Qxc2 34. Rxc2 Ra4 35. Bxe4 dxe4 36. g4 f5 37. h3 Rb4 38. Rc7+ Kh6 39. Rc6 Bg7 40. Rxe6 fxg4 41. hxg4 Kg5 42. Rxe4 1-0

[Event "Early-Titled-Tuesday-Blitz-October-10-2023"]
[Site "Chess.com"]
[Date "2023.10.10"]
[Round "3"]
[White "Duhless"]
[Black "IamSchrodingersCat"]
[Result "1-0"]
[WhiteElo "2932"]
[BlackElo "2518"]
[TimeControl "180+1"]
[EndTime "8:28:35 PDT"]
[Termination "Duhless won on time"]

1. c4 Nf6 2. Nc3 g6 3. e4 d6 4. d4 Bg7 5. f4 c5 6. d5 O-O 7. Nf3 e6 8. dxe6 Bxe6 9. Bd3 Bg4 10. O-O Nc6 11. Be3 Nd4 12. Bxd4 cxd4 13. Ne2 Re8 14. Ng3 Qb6 15. h3 Bxf3 16. Qxf3 Nd7 17. Rab1 a5 18.
Kh1 a4 19. e5 dxe5 20. f5 e4 21. Nxe4 Ne5 22. Qg3 Nxd3 23. Qxd3 Qc6 24. Rbe1 Rad8 25. Ng5 Rxe1 26. Rxe1 Qf6 27. Ne4 Qxf5 28. Rf1 Qd7 29. c5 f5 30. Nd6 Qe6 31. Nxb7 Rb8 32. Nd6 Rxb2 33. c6 Qxd6 34. Qc4+ Kh8 35. c7 Rb8 36.
cxb8=Q+ Qxb8 37. Rc1 h5 38. Qc8+ Qxc8 39. Rxc8+ Kh7 40.
Ra8 Kh6 41. Rxa4 Kg5 42. Kg1 Kf4 43. Kf2 Be5 44. Ke2 Ke4 45. Ra8 g5 46. a4 d3+ 47.
Kd1 g4 48. hxg4 hxg4 49. a5 f4 50. a6 1-0

[Event "Early-Titled-Tuesday-Blitz-October-10-2023"]
[Site "Chess.com"]
[Date "2023.10.10"]
[Round "3"]
[White "ajedrezhoy"]
[Black "LUISMIGUELOV"]
[Result "1-0"]
[WhiteElo "2372"]
[BlackElo "2129"]
[TimeControl "180+1"]
[EndTime "8:28:35 PDT"]
[Termination "ajedrezhoy won by resignation"]

1. c4 e6 2. Nf3 d5 3. e3 Nf6 4.
b3 Be7 5. d4 O-O 6. Bd3 c6 7.
O-O Ne4 8. Ba3 f5 9. Bxe7 Qxe7 10. Ne5 Nd7 11. f3 Nef6 12. Nd2 Nxe5 13. dxe5 Nd7 14.
f4 Qc5 15. Qe2 b6 16. Nf3 Bb7 17. Rac1 Qe7 18. Nd4 c5 19. Nb5 dxc4 20. Bxc4 a6 21. Nd6 Bd5 22. Bxd5 exd5 23. Rfd1 Nxe5 24. fxe5 Qxe5 25.
Nb7 Ra7 26. Nxc5 bxc5 27. Rxc5 Rd7 28. Ra5 Re8 29. Rxa6 Qxe3+ 30. Qxe3 Rxe3 31. Kf2 d4 32. Rd2 f4 33. Ra4 Rc3 34. Rb4 d3 35. a4 Rc2 36.
Rxc2 dxc2 37. Rc4 Rd2+ 38. Kf3 g5 39. a5 h5 40. b4 g4+ 41. Kxf4 Rxg2 42. a6 Rxh2 43. b5 c1=Q+ 44. Rxc1 Ra2 45. Rb1 Ra4+ 46. Kg3 Ra3+ 47. Kg2 h4 48. Rb2 h3+ 49. Kh2 Kf7 50. b6 Rxa6 51. b7 1-0

[Event "Early-Titled-Tuesday-Blitz-October-10-2023"]
[Site "Chess.com"]
[Date "2023.10.10"]
[Round "3"]
[White "RobertoJBM"]
[Black "LangesNasenhaar"]
[Result "1-0"]
[WhiteElo "2823"]
[BlackElo "2556"]
[TimeControl "180+1"]
[EndTime "8:28:36 PDT"]
[Termination "RobertoJBM won on time"]

1. d4 g6 2. Nf3 Bg7 3. e3 d6 4. b3 e5 5. dxe5 dxe5 6. Qxd8+ Kxd8 7. Bb2 f6 8. Na3 c6 9. Nc4 Be6 10. O-O-O+ Kc7 11. Ba3 Nd7 12. Nd6 Nh6 13. Bc4 Bxc4 14. Nxc4 Bf8 15. Bxf8 Rhxf8 16. Rd2 Nc5 17. Kb2 Ne4 18. Re2 Rad8 19. Nfd2 Nc5 20. Nb1 Rd7 21. a4 Rfd8 22. f3 Nf5 23. Rhe1 Rd1 24. Nc3 Rxe1 25.
Rxe1 Nd6 26. Nxd6 Rxd6 27. Kc1 a5 28. h4 Kd7 29. g4 Ke6 30. f4 f5 31. g5 exf4 32.
exf4+ Kf7 33. Re3 Ne6 34. Ne2 Rd5 35. c3 b5 36. axb5 cxb5 37. Kc2 a4 38. b4 Ke7 39. Nd4 Rxd4 40. cxd4 Kd6 41. Rc3 Nxd4+ 42. Kd3 Nc6 43. Ke3 Nxb4 44. Kd4 Nc6+ 45. Kd3 b4 46. Rc1 a3 47. Kc4 Kc7 48. Kb5 1-0